 Dungeon Crawl Stone Soup version 0.28.0 (webtiles) character file.

Game seed: 17925558920059370673

10154 crazypyro the Fencer (level 11, 0/89 HPs)
             Began as a Minotaur Fighter on Feb 8, 2022.
             Was a Priest of Makhleb.
             Slain by an ufetubus (1 damage)
             ... summoned by a ynoxinul
             ... in a Gauntlet.
             The game lasted 00:11:25 (10979 turns).

crazypyro the Fencer (Minotaur Fighter)            Turns: 10979, Time: 00:11:26

Health: 0/89       AC:  2    Str: 26    XL:     11   Next: 32%
Magic:  10/10      EV: 10    Int:  5    God:    Makhleb [***...]
Gold:   253        SH: 10    Dex: 13    Spells: 10/10 levels left

rFire   . . .      SeeInvis .   x - +9 demon blade of Ygyb Cost {freeze, Dex+4}
rCold   . . .      Faith    .   g - +0 kite shield
rNeg    . . .      Spirit   .   b - +0 scale mail
rPois   .          Reflect  .   (helmet restricted)
rElec   .          Harm     .   m - +0 cloak
rCorr   .          Rampage  .   q - +0 pair of gloves
Will    .....      NoTele   +   (no boots)
Stlth   ..........              e - amulet of the acrobat
HPRegen 0.24/turn               j - +4 ring of protection
MPRegen 0.12/turn               (no ring)

@: corroded, hasted, very quick
A: horns 2, retaliatory headbutt
a: Renounce Religion, Minor Destruction, Lesser Servant of Makhleb


You were in a Gauntlet.
You worshipped Makhleb.
Makhleb was most pleased with you.
You visited 2 branches of the dungeon, and saw 12 of its levels.
You also visited: Sewer and Gauntlet.

You collected 604 gold pieces.
You spent 351 gold pieces at shops.

Inventory:

Hand Weapons
 n - the +2 flail "Wuigon" {speed, rC+}
   (You found it on level 5 of the Dungeon)

   Attacks with this weapon are significantly faster.
   rC:        It protects you from cold.
 v - a +5 flail of protection
 x - the +9 demon blade of Ygyb Cost (weapon) {freeze, Dex+4}
   (You found it on level 6 of the Dungeon)

   It freezes those it strikes, dealing additional cold damage.
   It can also slow down cold-blooded creatures.
   Dex:       It affects your dexterity (+4).
 B - a +3 battleaxe
Armour
 b - a +0 scale mail (worn)
 c - a +0 buckler
 g - a +0 kite shield (worn)
 m - a +0 cloak (worn)
 q - a +0 pair of gloves (worn)
 u - a +0 leather armour of positive energy
Jewellery
 e - an amulet of the acrobat (around neck)
 j - a +4 ring of protection (left hand)
 A - an amulet of faith
 F - a +4 ring of evasion
Wands
 o - a wand of flame (23)
 p - a wand of digging (8)
 G - a wand of iceblast (7)
Scrolls
 i - a scroll of magic mapping
 k - 7 scrolls of identify
 s - 4 scrolls of teleportation
 y - a scroll of immolation
 D - a scroll of silence
Potions
 a - a potion of mutation {unknown}
 d - a potion of might
 f - 4 potions of flight
 h - 2 potions of curing
 l - a potion of heal wounds {unknown}
 r - a potion of attraction {unknown}
 t - 3 potions of haste
 w - a potion of magic
 z - 2 potions of resistance {unknown}


   Skills:
 - Level 6.0 Fighting
 * Level 15.3 Long Blades
 - Level 11.4 Axes
 - Level 5.7 Armour
 - Level 3.3 Dodging
 + Level 6.6 Shields


You had 10 spell levels left.
You didn't know any spells.
Your spell library contained the following spells:

 Spells                   Type           Power      Damage    Failure   Level
 Ignite Poison            Fire/Tmut/Pois 0%         N/A       100%        3
 Mephitic Cloud           Conj/Pois/Air  0%         N/A       100%        3
 Freezing Cloud           Conj/Ice/Air   0%         6-21      100%        5


Dungeon Overview and Level Annotations

Branches:
Dungeon (11/15)            Temple (1/1) D:4            Lair (0/6) D:8
  Sewer (visited)         Gauntlet (1/1)
    Orc: D:9-12

Altars:
Ashenzari
Cheibriados
Elyvilon
Fedhas
Gozag
Kikubaaqudgha
Makhleb
Nemelex Xobeh
Okawaru
Qazlal
Ru
Sif Muna
Trog
Uskayaw
Vehumet
Wu Jian
Xom
Yredelemnul
Zin
The Shining One

Shops:
D:7 ((

Annotations:
D:7 1 runed translucent door, Crazy Yiuf Gauntlet 3 transporters


Innate Abilities, Weirdness & Mutations

You have a pair of horns on your head.
You reflexively headbutt those who attack you in melee.


Message History

The ufetubus hits you.
* * * LOW HITPOINT WARNING * * *
The ufetubus hits you.
* * * LOW HITPOINT WARNING * * *
Okay, then.
You block the ufetubus's attack. x2
The ynoxinul gestures.
There is a transporter landing site here.
You block the ufetubus's attack. The ufetubus closely misses you.
The ufetubus hits you.
* * * LOW HITPOINT WARNING * * *
The ufetubus completely misses you. You block the ufetubus's attack. x2
It was a potion of haste.
You feel yourself speed up. The ufetubus misses you.
The ufetubus closely misses you. You block the ufetubus's attack.
The ufetubus closely misses you. The ufetubus hits you.
* * * LOW HITPOINT WARNING * * *
The ufetubus hits you but does no damage.
It was a potion of magic.
Magic courses through your body. The ufetubus barely misses you.
The ufetubus hits you.
* * * LOW HITPOINT WARNING * * *
You block the ufetubus's attack. The ufetubus closely misses you. x2
You furiously retaliate!
You headbutt the ufetubus, but do no damage.
You block the ufetubus's attack.
You feel better. The ufetubus barely misses you. You furiously retaliate!
You headbutt the ufetubus, but do no damage.
The ufetubus hits you.
* * * LOW HITPOINT WARNING * * *
You block the ufetubus's attack. The ufetubus hits you.
* * * LOW HITPOINT WARNING * * *
The ufetubus hits you.
* * * LOW HITPOINT WARNING * * *
The ufetubus hits you.
* * * LOW HITPOINT WARNING * * *
As you read the scroll of fog, it crumbles to dust.
The scroll dissolves into smoke.
You block the ufetubus's attack. The ufetubus barely misses you.
The ufetubus hits you.
* * * LOW HITPOINT WARNING * * *
You block the ufetubus's attack. The ufetubus hits you.
You die...

≈......©......≈###
8≈........∩...∩#8#
.≈......©......≈###
...###########..#
...#...#.#...#..#
...#..#...#..#..#
...#.##55.##.#..#8
##.##..#5#§§##..###
©#.#..535@§§.#..#
.#.##.5#5#§§##..# .
.#.#######.#. #
.#.# ... #..# .#.
..©$) ..# .#
####### .# .
....©#... #
#######....


You could see a ynoxinul and 5 ufetubi.

Vanquished Creatures
  2 two-headed ogres
  A manticore (D:7)
  A rust devil (Gauntlet)
  2 trolls (D:9)
  2 hornets
  2 wraiths
  Sigmund (D:4)
  5 wyverns
  3 yaks (D:9)
  A basilisk (D:7)
  Eustachio (D:4)
  Grum (D:9)
  Menkaure (D:7)
  Edmund (D:6)
  5 water moccasins
  Pargi (Sewer)
  3 orc warriors
  2 necrophages
  7 wolves
  2 ogres
  A centaur (D:10)
  A phantom (D:4)
  2 kobold brigands (D:7)
  3 bullfrogs
  2 scorpions
  A wyvern skeleton (D:6)
  2 water moccasin skeletons
  20 killer bees
  7 wights
  An electric eel (D:7)
  A bullfrog zombie (D:5)
  3 centaur zombies
  2 orc priests (D:11)
  A centaur skeleton (D:6)
  2 bullfrog skeletons
  4 hounds
  An iron imp (Gauntlet)
  4 iguanas
  Terence (D:2)
  8 orc wizards
  A hound skeleton (D:4)
  A howler monkey zombie (D:9)
  Robin (D:4)
  9 adders
  7 gnolls
  A shadow imp (D:7)
  A white imp (D:7)
  2 ufetubi
  An adder skeleton (D:4)
  A worm (D:2)
  2 dart slugs
  20 orcs
  4 bats
  4 endoplasms
  7 giant cockroaches
  12 goblins
  12 hobgoblins
  8 jackals
  14 kobolds
  8 quokkas
  9 ball pythons
  6 frilled lizards
  6 rats
248 creatures vanquished.

Vanquished Creatures (others)
  An iron imp (Gauntlet)
  17 fungi
  38 plants
56 creatures vanquished.

Grand Total: 304 creatures vanquished

Notes
Turn   | Place    | Note
-------+----------+-------------------------------------------
     0 | D:1      | crazypyro the Minotaur Fighter began the quest for the Orb.
     0 | D:1      | Reached XP level 1. HP: 19/19 MP: 0/0
    21 | D:1      | Reached XP level 2. HP: 12/27 MP: 1/1
   353 | D:1      | Found a faded altar of an unknown god.
   485 | D:1      | Reached XP level 3. HP: 30/33 MP: 2/2
  1236 | D:2      | Noticed Terence
  1245 | D:2      | Killed Terence
  1246 | D:2      | Reached XP level 4. HP: 30/41 MP: 3/3
  1530 | D:3      | Found a radiant altar of Vehumet.
  1774 | D:3      | Reached XP level 5. HP: 47/47 MP: 4/4
  1782 | D:3      | Noticed an ogre
  1794 | D:3      | Killed an ogre
  2128 | D:3      | Found a glowing silver altar of Zin.
  2248 | D:3      | Reached XP level 6. HP: 53/53 MP: 5/5
  2270 | D:3      | Found a sparkling altar of Nemelex Xobeh.
  2458 | D:4      | Noticed Eustachio
  2783 | D:4      | Killed Eustachio
  2885 | D:4      | Found Tir Viuz's Assorted Antiques.
  2898 | D:4      | Found a staircase to the Ecumenical Temple.
  2907 | Temple   | Entered the Ecumenical Temple
  2960 | Temple   | Became a worshipper of Makhleb the Destroyer
  3088 | D:4      | Noticed Sigmund
  3097 | D:4      | Killed Sigmund
  3098 | D:4      | Reached XP level 7. HP: 49/60 MP: 6/6
  3152 | D:4      | Found a shimmering altar of Xom.
  3251 | D:4      | Found an iron altar of Okawaru.
  3598 | D:4      | Noticed Robin
  3606 | D:4      | Killed Robin
  4076 | D:5      | Entered Level 5 of the Dungeon
  4084 | D:5      | Identified the +2 flail "Wuigon" {speed, rC+}
  4098 | D:5      | Reached skill level 10 in Axes
  4111 | D:5      | Reached * piety under Makhleb
  4203 | D:5      | Reached XP level 8. HP: 65/67 MP: 7/7
  4244 | D:5      | Reached skill level 1 in Dodging
  4581 | D:5      | Reached skill level 5 in Fighting
  5374 | D:6      | Found a glowing drain.
  5393 | Sewer    | Entered a sewer
  5407 | Sewer    | Noticed Pargi
  5416 | Sewer    | Killed Pargi
  5417 | Sewer    | Reached skill level 5 in Armour
  5417 | Sewer    | Reached skill level 5 in Shields
  5661 | D:6      | Found a sacrificial altar of Ru.
  5798 | D:6      | Noticed Edmund
  5806 | D:6      | Killed Edmund
  6103 | D:6      | Identified the +9 demon blade of Ygyb Cost {freeze, Dex+4}
  6166 | D:6      | Found a glowing golden altar of the Shining One.
  6387 | D:7      | Found a basalt altar of Yredelemnul.
  6400 | D:7      | Noticed a manticore
  6410 | D:7      | Killed a manticore
  6411 | D:7      | Reached skill level 2 in Long Blades
  6411 | D:7      | Reached XP level 9. HP: 38/75 MP: 8/8
  6630 | D:7      | Reached skill level 3 in Long Blades
  6636 | D:7      | Reached ** piety under Makhleb
  6637 | D:7      | Reached skill level 4 in Long Blades
  6649 | D:7      | Reached skill level 5 in Long Blades
  6842 | D:7      | Found Jyklil's Antique Weapon Shoppe.
  6942 | D:7      | Noticed Menkaure
  6946 | D:7      | Killed Menkaure
  6947 | D:7      | Reached skill level 6 in Long Blades
  7184 | D:7      | Reached skill level 7 in Long Blades
  7223 | D:7      | Found a runed translucent door.
  7224 | D:7      | Noticed Crazy Yiuf
  7254 | D:7      | Found Dousek's Antique Weapon Shop.
  7257 | D:7      | Bought a glowing battleaxe for 351 gold pieces
  7648 | D:7      | Found an ancient bone altar of Kikubaaqudgha.
  7866 | D:8      | Reached skill level 8 in Long Blades
  7879 | D:7      | Reached skill level 9 in Long Blades
  8092 | D:7      | Reached XP level 10. HP: 69/83 MP: 9/9
  8113 | D:7      | Reached skill level 10 in Long Blades
  8436 | D:8      | Found a staircase to the Lair.
  8513 | D:8      | Found a snail-covered altar of Cheibriados.
  8551 | D:8      | Reached skill level 11 in Long Blades
  8972 | D:8      | Found an ornate altar of the Wu Jian Council.
  9187 | D:9      | Noticed a two-headed ogre
  9195 | D:9      | Killed a two-headed ogre
  9196 | D:9      | Reached skill level 12 in Long Blades
  9474 | D:9      | Reached *** piety under Makhleb
  9475 | D:9      | Reached skill level 13 in Long Blades
  9802 | D:9      | Noticed Grum
  9811 | D:9      | Reached skill level 14 in Long Blades
  9815 | D:9      | Killed Grum
  9816 | D:9      | Reached XP level 11. HP: 77/89 MP: 10/10
  9975 | D:10     | Entered Level 10 of the Dungeon
  9997 | D:10     | Noticed a two-headed ogre
 10002 | D:10     | Killed a two-headed ogre
 10436 | D:10     | Found a stormy altar of Qazlal.
 10517 | D:10     | Reached skill level 15 in Long Blades
 10945 | D:11     | Found a gate leading to a gauntlet.
 10951 | Gauntlet | Entered a Gauntlet
 10951 | Gauntlet | Found a transporter.
 10951 | Gauntlet | Found a transporter.
 10956 | Gauntlet | Noticed a death scarab
 10958 | Gauntlet | Found a transporter.
 10959 | Gauntlet | Found a transporter.
 10979 | Gauntlet | HP: 1/89 [ufetubus[a ynoxinul] (4)]
 10979 | Gauntlet | Slain by an ufetubus

Illustrated notes

Levels and vault maps discovered:
D:1:      saegor_arrival_miasma, layout_rooms, ebering_ecumenical_altar_hall,
          minmay_surrounded
D:2:      layout_loops_ring, serial_glass, glass_columns_b, glass_columns_c,
          minmay_misc_feat_tower, uniq_terence
D:3:      layout_rooms, mainiacjoe_overflow_catwalk, lemuel_round_altar,
          mainiacjoe_overflow_cross_hatched, minmay_diced_spiral
D:4:      layout_loops_ring, xom_butterflies, mainiacjoe_overflow_tiny_flanked,
          minmay_temple_entry_junction, serial_shops, shop, uniq_robin,
          uniq_eustachio, uniq_sigmund
D:5:      layout_rooms
D:6:      layout_loops_ring, nicolae_ru_sacrificial_ziggurat,
          kennysheep_little_box, gup_sewer_entry_pipe, uniq_edmund
D:7:      layout_basic, general_overflow_altar,
          mainiacjoe_overflow_six_doors_small, serial_bayou,
          serial_bayou_shore_b, serial_bayou_pond_b, serial_bayou_lake_a,
          serial_shops, shop_coins, nicolae_shop_behind_doors, uniq_menkaure,
          uniq_crazy_yiuf_cottage
D:8:      layout_cave_pools, lemuel_coloured_pillars_altar, cheibriados_altar_1,
          minmay_lair_entry_grove
D:9:      layout_roguey, uniq_grum
D:10:     layout_stronghold, nicolae_qazlal_scattered_showers
D:11:     layout_gridville, gauntlet_entry_generic
Temple:   jpeg_temple_alley_garden
Gauntlet: gammafunk_gauntlet_branching [nicolae_gauntlet_arena_blocks,
          gammafunk_gauntlet_arena_chambers, gammafunk_gauntlet_arena_split_x,
          nicolae_gauntlet_swirl, nicolae_gauntlet_arena_flowing_pool,
          nicolae_gauntlet_arena_t_cross,
          minmay_gauntlet_arena_make_your_own_arena,
          nicolae_gauntlet_arena_grate_2, dreamdust_gauntlet_exit_labyrinth]

Skill      XL: |  1  2  3  4  5  6  7  8  9 10 11 |
---------------+----------------------------------+-----
Fighting       | 4 6 |  6.0
Axes           | 3 4 6 8 10 11 | 11.4
Armour         | 4 5 |  5.7
Shields        | 4 5 6 |  6.6
Dodging        | 3 |  3.3
Long Blades    | 2 9 14 15 | 15.3

Action                   |  1- 3 |  4- 6 |  7- 9 | 10-12 || total
-------------------------+-------+-------+-------+-------++-------
Melee: War axe           |    84 |   111 |   200 |       ||   395
       Headbutt          |    10 |    19 |    40 |    34 ||   103
       Demon blade       |       |       |    64 |   198 ||   262
  Use: Scroll            |     3 |     3 |     2 |     5 ||    13
       Potion            |       |       |     2 |     3 ||     5
Armor: Scale mail        |    40 |    66 |   119 |   104 ||   329
Dodge: Dodged            |    35 |    62 |    97 |   134 ||   328
Block: Buckler           |     5 |       |       |       ||     5
       Kite shield       |    27 |    68 |   122 |   123 ||   340
